 Dungeon Crawl Stone Soup version 0.28-a0-384-g9e0c098162 (webtiles) character file.

Game seed: 4823561119925642366

6087 porpoise the Thaumaturge (level 10, 0/58 HPs)
             Began as a Deep Elf Conjurer on Sept 3, 2021.
             Was a Believer of Vehumet.
             Killed from afar by an efreet (9 damage)
             ... with a fireball
             ... on level 9 of the Dungeon.
             The game lasted 00:42:20 (11384 turns).

porpoise the Thaumaturge (Deep Elf Conjurer)       Turns: 11384, Time: 00:42:20

Health: 0/58       AC: 12    Str:  4    XL:     10   Next: 58%
Magic:  16/25      EV: 19    Int: 27    God:    Vehumet [**....]
Gold:   1119       SH:  5    Dex: 13    Spells: 16/27 levels left

rFire   . . .      SeeInvis .   b - +0 hunting sling
rCold   . . .      Faith    .   s - +0 buckler {AC+3}
rNeg    . . .      Spirit   .   o - +0 robe
rPois   .          Reflect  .   (no helmet)
rElec   .          Harm     .   (no cloak)
rCorr   .          Rampage  .   D - +0 pair of gloves
Will    +....                   j - +1 pair of boots
Stlth   ++........              (no amulet)
HPRegen 0.19/turn               r - +4 ring of evasion
MPRegen 0.19/turn               v - +4 ring of protection

@: no status effects
A: no striking features
a: Renounce Religion


You were on level 9 of the Dungeon.
You worshipped Vehumet.
Vehumet was pleased with you.
You visited 2 branches of the dungeon, and saw 10 of its levels.

You collected 1119 gold pieces.

Inventory:

Hand Weapons
 b - a +0 hunting sling (weapon)
 h - a +1 whip of pain
 n - a +0 rapier
 q - a +1 dagger of venom
 w - a +2 vorpal war axe
 y - a +0 hand crossbow
Missiles
 c - 86 bolts
 d - 13 poisoned darts
 f - 33 sling bullets (quivered ammo)
 g - 254 stones
 k - 23 boomerangs
 z - a curare-tipped dart
 B - 5 javelins
Armour
 j - a +1 pair of boots (worn)
 o - a +0 robe (worn)
 s - a +0 buckler of protection (worn)
 D - a +0 pair of gloves (worn)
 I - a +0 leather armour of willpower
Magical Staves
 a - a staff of conjuration
 K - a staff of earth
Jewellery
 r - a +4 ring of evasion (left hand)
 v - a +4 ring of protection (right hand)
 A - a ring of flight
Scrolls
 e - 2 scrolls of torment
 m - a scroll of amnesia {unknown}
 t - 3 scrolls of teleportation
 u - a scroll of blinking {unknown}
 x - a scroll of vulnerability {unknown}
 C - a scroll of enchant armour {unknown}
 E - a scroll of fog {unknown}
 G - a scroll of magic mapping
Potions
 i - a potion of mutation {unknown}
 l - a potion of curing
 p - 3 potions of resistance
 F - 2 potions of attraction
 H - 2 potions of heal wounds {unknown}
 J - a potion of haste
 L - a potion of brilliance {unknown}


   Skills:
 + Level 4.3 Fighting
 - Level 7.0 Dodging
 - Level 2.4 Stealth
 - Level 4.0 Shields
 - Level 9.0 Spellcasting
 - Level 7.0 Conjurations
 + Level 8.4 Hexes
 - Level 7.0 Translocations
 - Level 5.0 Evocations


You had 16 spell levels left.
You knew the following spells:

 Your Spells              Type           Power      Damage    Failure   Level
a - Magic Dart            Conj           100%       1d8       1%          1
b - Searing Ray           Conj           98%        3d7       1%          2
c - Fulminant Prism       Conj/Hex       26%        3d14      1%          4
d - Iskenderun's Mystic   Conj/Tloc      49%        2d11      2%          4

Your spell library contained the following spells:

 Spells                   Type           Power      Damage    Failure   Level
 Scorch                   Fire           24%        2d6       7%          2
 Dazzling Flash           Conj/Hex       100%       N/A       1%          3
 Freeze                   Ice            48%        1d7       4%          1
 Pain                     Necr           48%        1d6       4%          1
 Hailstorm                Conj/Ice       31%        3d8       11%         4
 Frozen Ramparts          Ice            24%        1d4       14%         3
 Agony                    Necr           12%        N/A       78%         5
 Excruciating Wounds      Necr           6%         N/A       78%         5


Dungeon Overview and Level Annotations

Branches:
Dungeon (9/15)             Temple (1/1) D:4            Lair (0/6) D:8
    Orc: D:9-12

Altars:
Ashenzari
Cheibriados
Elyvilon
Fedhas
Gozag
Hepliaklqana
Kikubaaqudgha
Makhleb
Nemelex Xobeh
Okawaru
Qazlal
Ru
Sif Muna
Trog
Uskayaw
Vehumet
Wu Jian
Xom
Yredelemnul
Zin
The Shining One

Annotations:
D:8 exclusion: downstairs


Message History

The sling bullet hits the efreet but does no damage.
The orc priest calls down the wrath of Beogh upon you.
Beogh smites you!
You hear a shout!
Casting: Searing Ray (safe; 1% risk of failure)
Confirm with . or Enter, or press ? or * to list all spells.
Aiming: Searing Ray (safe; 1% risk of failure)
Press: ? - help, Shift-Dir - straight line, f/p - efreet
Aim: an efreet, wielding a +2 scimitar of flaming and wearing an amulet of the acrobat (94% to hit)
The searing ray hits the efreet.
The efreet is lightly wounded. (Press . to maintain the ray.)
The orc priest looks encouraged for a moment.
The efreet hits you with a +2 scimitar of flaming.
The efreet burns you.
The searing ray misses the efreet.
An orc comes into view. It is wielding a +0 whip.
You block the efreet's attack.
Casting: Searing Ray (safe; 1% risk of failure)
Confirm with . or Enter, or press ? or * to list all spells.
Okay, then.
Unknown command.
The searing ray hits the efreet!
The efreet is heavily wounded.
The searing ray hits the orc priest.
The orc priest is heavily wounded.
The efreet hits you with a +2 scimitar of flaming!
The efreet burns you.
The searing ray hits the efreet!
The efreet is severely wounded.
You finish channelling your searing ray.
The efreet hits you with a +2 scimitar of flaming!!
* * * LOW HITPOINT WARNING * * *
The efreet burns you!
* * * LOW HITPOINT WARNING * * *
You feel better.
The orc priest looks braver for a moment.
The efreet gestures at you.
The fireball explodes!
The fireball engulfs you!
You die...

## .#.. ..... #
..(...####.(###
...))).@Rooo.((
......#########
..... #.## #


You could see an efreet, an orc priest and 2 orcs.

Vanquished Creatures
  A hornet (D:8)
  A shadow (D:8)
  2 wyverns
  5 yaks (D:8)
  3 basilisks (D:8)
  2 steam dragons
  Menkaure (D:7)
  6 water moccasins
  4 orc warriors
  2 ice beasts (D:6)
  A sky beast (D:7)
  2 necrophages
  2 black bears
  3 ogres
  A centaur (D:7)
  A tengu (shapeshifter) (D:9)
  2 kobold brigands
  4 bullfrogs
  2 scorpions (D:7)
  A killer bee (D:9)
  2 howler monkeys
  A lava snake (D:9)
  13 orc priests
  2 hounds
  3 jellies
  2 centaur skeletons
  9 iguanas
  3 orc wizards
  A howler monkey zombie (D:7)
  7 gnolls
  A howler monkey skeleton (D:6)
  8 adders
  A shadow imp (D:6)
  A white imp (D:3)
  An ufetubus (D:6)
  A worm (D:2)
  2 dart slugs (D:3)
  15 orcs
  5 bats
  7 endoplasms
  4 giant cockroaches
  11 goblins
  9 hobgoblins
  2 jackals (D:2)
  15 kobolds
  2 quokkas
  2 ball pythons
  5 frilled lizards
  8 rats
  A bush (D:7)
190 creatures vanquished.

Vanquished Creatures (others)
  14 fulminant prisms
  3 fungi (D:8)
  18 plants (D:8)
35 creatures vanquished.

Grand Total: 225 creatures vanquished

Notes
Turn   | Place    | Note
-------+----------+-------------------------------------------
     0 | D:1      | porpoise the Deep Elf Conjurer began the quest for the Orb.
     0 | D:1      | Reached XP level 1. HP: 10/10 MP: 6/6
   351 | D:1      | Reached XP level 2. HP: 15/15 MP: 6/8
   445 | D:1      | Learned a level 2 spell: Searing Ray
   906 | D:1      | Reached skill level 5 in Conjurations
   907 | D:1      | Reached skill level 4 in Spellcasting
  1031 | D:1      | Reached XP level 3. HP: 19/19 MP: 7/10
  1502 | D:2      | Reached XP level 4. HP: 24/24 MP: 6/12
  1551 | D:2      | Learned a level 4 spell: Fulminant Prism
  1556 | D:2      | Learned a level 4 spell: Iskenderun's Mystic Blast
  1842 | D:2      | Reached skill level 5 in Spellcasting
  1862 | D:2      | Reached skill level 1 in Hexes
  2051 | D:2      | Found a faded altar of an unknown god.
  2961 | D:3      | Reached skill level 1 in Translocations
  3094 | D:3      | Reached XP level 5. HP: 28/28 MP: 9/14
  3604 | D:3      | Found a burning altar of Makhleb.
  3604 | D:3      | Noticed a cacodemon
  3609 | D:3      | Noticed a hellwing
  3609 | D:3      | Noticed a smoke demon
  3780 | D:4      | Found a staircase to the Ecumenical Temple.
  3784 | D:4      | Reached skill level 1 in Shields
  3808 | Temple   | Entered the Ecumenical Temple
  3831 | Temple   | Became a worshipper of Vehumet
  3879 | D:4      | Noticed an ogre
  3883 | D:4      | Killed an ogre
  3884 | D:4      | Reached XP level 6. HP: 32/32 MP: 3/15
  4331 | D:4      | You fall into a shaft and drop 3 floors!
  4529 | D:6      | Reached XP level 7. HP: 36/36 MP: 10/16
  4541 | D:5      | Entered Level 5 of the Dungeon
  4798 | D:5      | Reached * piety under Vehumet
  4798 | D:5      | Offered knowledge of Shock by Vehumet.
  5029 | D:4      | Found an opulent altar of Gozag.
  5029 | D:4      | Found a hide-covered altar of Uskayaw.
  5200 | D:4      | Found a hazy altar of Hepliaklqana.
  5475 | D:5      | Reached skill level 5 in Hexes
  6198 | D:6      | Identified 2 scrolls of acquirement
  6198 | D:6      | Acquired a staff of conjuration
  6200 | D:6      | Acquired 698 gold pieces
  6216 | D:6      | Found an iron altar of Okawaru.
  6300 | D:6      | Found a stormy altar of Qazlal.
  6344 | D:6      | Reached skill level 5 in Translocations
  6344 | D:6      | Reached XP level 8. HP: 41/41 MP: 12/17
  6498 | D:6      | Found a sacrificial altar of Ru.
  6517 | D:6      | Reached skill level 6 in Spellcasting
  6791 | D:6      | Reached skill level 7 in Spellcasting
  6883 | D:6      | Reached skill level 1 in Fighting
  7323 | D:6      | Found an ornate altar of the Wu Jian Council.
  7415 | D:7      | Reached XP level 9. HP: 49/49 MP: 17/21
  7900 | D:7      | Noticed Menkaure
  7906 | D:7      | Killed Menkaure
  7907 | D:7      | Reached skill level 1 in Evocations
  7936 | D:7      | Reached skill level 5 in Dodging
  8092 | D:7      | Offered knowledge of Sandblast by Vehumet.
  8139 | D:7      | Reached ** piety under Vehumet
  9516 | D:8      | Reached skill level 5 in Evocations
  9772 | D:8      | Reached XP level 10. HP: 26/56 MP: 7/23
  9980 | D:8      | Reached skill level 8 in Spellcasting
 10573 | D:8      | Reached skill level 9 in Spellcasting
 10941 | D:8      | Found a staircase to the Lair.
 11118 | D:8      | Noticed an angel
 11119 | D:8      | Found a glowing silver altar of Zin.
 11204 | D:9      | Offered knowledge of Scorch by Vehumet.
 11218 | D:9      | Found a shimmering altar of Xom.
 11383 | D:9      | HP: 1/58 [efreet (7)]
 11384 | D:9      | Killed from afar by an efreet

Illustrated notes

Levels and vault maps discovered:
D:1:      dpeg_arrival_subterranean_lakeside_camping, layout_loops_ring,
          minmay_tetromino_t2
D:2:      layout_basic, shapermc_ecumenical_altar_mp_highgroup,
          minmay_misc_feat_columns
D:3:      layout_basic, makhleb_altar_promises_db
D:4:      layout_cave_pools, nicolae_hepliaklqana_hippocampus,
          gammafunk_temple_overflow_statue, minmay_temple_entry_drinking_statues
D:5:      layout_loops_ring, sigmund_army
D:6:      layout_gridville, grunt_qazlal_sundering,
          mainiacjoe_overflow_concentric_impassable, kennysheep_mini,
          pdpol_wu_jian_five_deadly_venoms
D:7:      layout_gridville, enter_bailey_2, kb_lookout_dungeons_type,
          minmay_misc_feat_square, uniq_menkaure
D:8:      layout_cave_pools, zin_angel, minmay_lair_entry_grove
D:9:      layout_loops_ring, nicolae_dithmenos_shadow_blocks,
          nicolae_xom_altar_mimics, kennysheep_island_fort
Temple:   minmay_freezing_vapour_temple

Skill      XL: |  1  2  3  4  5  6  7  8  9 10 |
---------------+-------------------------------+-----
Conjurations   | 5 7 |  7.0
Spellcasting   | 4 5 7 9 |  9.0
Hexes          | 1 2 6 7 8 |  8.4
Translocations | 1 2 5 6 7 |  7.0
Shields        | 2 4 |  4.0
Fighting       | 2 3 4 |  4.3
Dodging        | 3 7 |  7.0
Evocations     | 5 |  5.0
Stealth        | |  2.4

Action                   |  1- 3 |  4- 6 |  7- 9 | 10-12 || total
-------------------------+-------+-------+-------+-------++-------
Melee: Rapier            |     2 |       |       |       ||     2
       War axe           |     1 |       |    14 |       ||    15
       Dagger            |       |       |    18 |       ||    18
       Staff             |       |       |    11 |     1 ||    12
 Fire: Hunting sling     |     4 |    76 |    78 |    27 ||   185
Throw: Boomerang         |       |       |     2 |       ||     2
 Cast: Magic Dart        |    50 |     3 |       |     1 ||    54
       Searing Ray       |     6 |    33 |    66 |    19 ||   124
       Iskenderun's Myst |       |       |     9 |     2 ||    11
       Fulminant Prism   |       |       |     4 |    10 ||    14
  Use: Scroll            |     1 |     3 |     7 |       ||    11
       Potion            |       |       |       |     1 ||     1
Armor: Robe              |     3 |     3 |    27 |     6 ||    39
Dodge: Dodged            |     4 |    10 |    37 |     7 ||    58
Block: Buckler           |       |     2 |     9 |     4 ||    15

Table legend: (Time is in decaauts)
 A = Elapsed time spent in this place.
 B = Non-inter-level travel time spent in this place.
 C = Inter-level travel time spent in this place.
 D = Time resting spent in this place.
 E = Time spent auto-exploring this place.
 F = Levels seen in this place.
 G = Mean time per level.
                   A        B        C        D        E       F      G
               +--------+--------+--------+--------+--------+-----+--------+
         Total |  11411 |  10909 |    502 |   4462 |   4864 |  10 | 1141.1 |
       Dungeon |  11382 |  10885 |    497 |   4462 |   4853 |   9 | 1264.7 |
        Temple |     28 |     23 |      5 |      0 |     11 |   1 |   28.0 |
               +--------+--------+--------+--------+--------+-----+--------+

Top non-repeatable levels by time:
     D:7: 2606 daAuts
     D:2: 1638 daAuts
     D:6: 1348 daAuts
     D:8: 1319 daAuts
     D:5: 1274 daAuts
     D:3: 1121 daAuts
     D:1: 1106 daAuts
     D:4: 830 daAuts
     D:9: 137 daAuts
  Temple: 28 daAuts
